 BcadrenCrawl: Boulder Brew version 0.04.2-17-g662d9223eb (webtiles) character file.

Game seed: 3762675047319000192, levelgen mode: deterministic

1832 diana the Slicer (level 9, 0/57 HPs) Kobold Gladiator. Began on May 16, 2021. Slain by a wight ... wielding a +3 battleaxe of freezing (19 damage) ... on level 4 of the Dungeon. The game lasted 00:06:53 (3039 turns).

diana the Slicer (Kobold Gladiator)                 Turns: 3039, Time: 00:06:53

Health: 0/57       AC:  7    Str: 11    XL:     9 ^: 1291
Magic:  10/10      EV: 19    Int:  9    God:
Gold:   126        SH:  0    Dex: 20    Spells: 8/8 levels left

rFire    . . .     Vision   .   a - +0 rapier
rCold    + . .     Gourm    .   l - +0 dagger
rNeg     . . .     Faith    .   m - +1 leather armour {rC+}
rPois    +         Spirit   .   c - +0 helmet
rElec    .         Reflect  .   n - +0 cloak
rCorr    .         Harm     .   p - +0 pair of gloves
MR       .....                  (no boots)
Stlth    ++........             b - amulet of chaos
HPRegen  0.29/turn              (no ring)
MPRegen  0.20/turn              (no ring)

@: lightly drained
A: small, carnivore
a: no special abilities


You were on level 4 of the Dungeon.
You were hungry.

You visited 1 branch of the dungeon, and saw 4 of its levels.

You collected 126 gold pieces.

Inventory:

Weapons
 a - a +0 rapier (weapon)
 l - a +0 dagger (weapon)
Armour
 c - a +0 helmet (worn)
 m - a +1 leather armour of cold resistance (worn)
 n - a +0 cloak (worn)
 p - a +0 pair of gloves (worn)
Jewellery
 b - an amulet of chaos (around neck)
Wands
 d - a wand of ensnaring (9)
 r - a wand of disintegration (14)
Scrolls
 e - 2 scrolls of enchantment
 g - a scroll of blinking
 h - a scroll of fog
 k - a scroll of fear
 o - a scroll of teleportation
Potions
 i - a potion of curing
 j - a potion of haste
 q - a potion of heal wounds
Comestibles
 f - 9 rations


   Skills:
 * Level 7.6(7.3) Fighting
 * Level 8.8(8.4) Short Blades
 + Level 3.6(3.3) Armour
 + Level 6.6(6.2) Dodging
 - Level 2.1(1.9) Evocations


You had 8 spell levels left.
You didn't know any spells.
Your spell library was empty.

Dungeon Overview and Level Annotations

Branches:
Dungeon (4/8)
 Temple: D:4

Altars:
Nemelex Xobeh


Innate Abilities, Weirdness & Mutations

You are small and have problems with some larger weapons.
You are carnivorous and can eat meat at any time.


Message History

You hit the wight but do no damage. x2
The wight is almost destroyed. (2/16) HP The wight hits you from afar with a +5 trident (1).
You puncture the wight (9)!
You destroy the wight!
The wight hits you from afar with a +5 trident (7)!
* * * LOW HITPOINT WARNING * * *
Something drops a +0 dagger.
Something picks up a cursed +2 hammer of protection {(Curse: *Drain)}.
There is a stone staircase leading up here.
Things that are here:
a +0 whip; an orc corpse
Things that are here:
a +0 club a cursed +0 leather armour {(Curse: Int-5)} an orc corpse
Items here: ) [ ††† a +0 flail; a +0 robe; an orc corpse x3
The wight hits you with a +3 battleaxe of freezing (19)!!
You die...

#.###.#.#.##..#.###.######
#.....†...##.#z## #.# #
####....#.##.#.# #.#
####..#.......#.####.#
#....###.)z).{o......#
#.##..#..#o##.#.####># #
##...##.##.#.# #.# ####
#.#..z......# #.. ....
#...##@##.######.## ###
######.##.# #...# #.##.#
#.### #.##.# #.## #.##.#
#..# #.##.####..#
#..........#
####.####.÷#######
#.####.........


You could see 2 wights and an orc wizard.

Vanquished Creatures
  Pikel (D:2)
  Purgy (D:2)
  A scorpion (D:3)
  A crocodile (D:2)
  2 big kobolds (D:2)
  3 wights (D:4)
  6 jellies (D:2)
  An orc priest (D:4)
  An orc wizard (D:4)
  A worker ant (D:4)
  3 giant cockroaches
  3 bullfrog zombies (D:4)
  3 bullfrog skeletons
  A shadow imp (D:3)
  4 adders
  26 sewer rats (D:2)
  13 cinder newts
  4 worms
  A howler monkey skeleton (D:3)
  3 oozes
  4 dart slugs (D:1)
  4 leopard geckos
  12 orcs
  An adder skeleton (D:2)
  4 bats
  4 goblins (D:1)
  3 hobgoblins (D:1)
  5 jackals (D:3)
  4 ball pythons (D:2)
  A ball python skeleton (D:3)
  2 bat skeletons (D:2)
  2 goblin skeletons (D:2)
  13 kobolds
  2 orc skeletons (D:2)
  8 rats
  A slave (D:2)
  3 withered plants (D:2)
152 creatures vanquished.

Vanquished Creatures (others)
  2 jellies (D:2)
  A cinder newt (D:2)
  122 withered plants (D:2)
125 creatures vanquished.

Grand Total: 277 creatures vanquished

Notes
Turn   | Place    | Note
-------+----------+-------------------------------------------
     0 | D:1      | diana the Kobold Gladiator began the quest for the Orb.
     0 | D:1      | Reached XP level 1. HP: 12/12 MP: 2/2
    13 | D:1      | Reached skill level 4 in Short Blades
    13 | D:1      | Reached XP level 2. HP: 18/18 MP: 3/3
    67 | D:1      | Reached XP level 3. HP: 19/22 MP: 4/4
   187 | D:1      | Reached XP level 4. HP: 28/28 MP: 5/5
   528 | D:2      | Reached skill level 1 in Armour
   587 | D:2      | Reached XP level 5. HP: 32/32 MP: 6/6
   670 | D:2      | Reached skill level 5 in Short Blades
   670 | D:2      | Reached XP level 6. HP: 23/38 MP: 7/7
   935 | D:2      | Reached XP level 7. HP: 25/44 MP: 8/8
  1108 | D:2      | Reached skill level 6 in Short Blades
  1137 | D:2      | Reached skill level 5 in Fighting
  1137 | D:2      | Reached skill level 5 in Dodging
  1185 | D:2      | Noticed Pikel
  1224 | D:2      | Killed Pikel
  1224 | D:2      | Reached skill level 7 in Short Blades
  1224 | D:2      | Reached XP level 8. HP: 35/51 MP: 9/9
  1359 | D:2      | HP: 1/51 [kobold[a big kobold] (4)]
  1564 | D:2      | Noticed Purgy
  1576 | D:2      | Killed Purgy
  1577 | D:2      | Reached skill level 8 in Short Blades
  1626 | D:2      | Found a sparkling altar of Nemelex Xobeh.
  2433 | D:3      | Reached XP level 9. HP: 56/56 MP: 10/10
  2739 | D:3      | Noticed a two-headed ogre
  3039 | D:4      | Slain by a wight

Levels and vault maps discovered:
D:1:      onia_arrival_pentagram, layout_basic, kennysheep_generic_room_11
D:2:      layout_sewer, lemuel_statue_altar, uniq_pikel, uniq_purgy
D:3:      layout_basic, first_ration
D:4:      layout_loops_ring, minmay_temple_entry_waves, uniq_grum

Skill      XL: |  1  2  3  4  5  6  7  8  9 |
---------------+----------------------------+-----
Short Blades   | 4 5 7 8 |  8.8
Fighting       | 3 4 6 7 |  7.6
Dodging        | 4 5 6 |  6.6
Armour         | 1 2 3 |  3.6
Evocations     | |  2.1

Action                   |  1- 3 |  4- 6 |  7- 9 || total
-------------------------+-------+-------+-------++-------
Melee: Rapier            |    15 |   113 |   205 ||   333
       Unarmed           |     4 |       |       ||     4
       Dagger            |       |    74 |   133 ||   207
  Use: Potion            |       |       |     1 ||     1
 Stab: Sleeping          |     1 |       |       ||     1
  Eat: Chunk             |       |       |     8 ||     8
Armor: Leather armour    |     2 |    17 |    19 ||    38
Dodge: Dodged            |     8 |   148 |   201 ||   357
